 Dungeon Sprint DCSS version 0.29-a0-892-g2c4c91d9db (webtiles) character file.

Game seed: 9045482978707152258

10454 rocky1 the Nimble (level 11, -2/96 HPs)
             Began as a Gnoll Monk on July 23, 2022.
             Was a High Priest of Okawaru.
             Killed from afar by a deep elf zephyrmancer (31 damage)
             ... with a bolt of lightning
             ... in the Dungeon (Sprint VII: "The Pits").
             The game lasted 00:12:39 (4145 turns).

rocky1 the Nimble (Gnoll Monk)                      Turns: 4145, Time: 00:12:40

Health: -2/96      AC: 22    Str: 14    XL:     11   Next: 62%
Magic:  25/26      EV: 10    Int:  9    God:    Okawaru [*****.]
Gold:   48         SH:  0    Dex: 22    Spells: 32/32 levels left

rFire   . . .      SeeInvis .   b - +2 scimitar (flame)
rCold   . . .      Faith    .   (no shield)
rNeg    + . .      Spirit   .   C - +0 plate armour {rN+}
rPois   .          Reflect  .   q - +0 helmet
rElec   .          Harm     .   p - +0 cloak
rCorr   .          Rampage  ∞   (no gloves)
Will    .....      NoTele   +   D - +3 pair of seven-league boots {Rampage+∞}
Stlth   +.........              (no amulet)
HPRegen 0.26/turn               l - +3 ring of dexterity
MPRegen 0.20/turn               n - +3 ring of strength

@: no status effects
A: fangs 1, strong nose, distributed training
a: Renounce Religion, Heroism, Finesse


You were in the Dungeon.
You worshipped Okawaru.
Okawaru was extremely pleased with you.
You visited 1 branch You collected 48 gold pieces.

Inventory:

Hand Weapons
 a - a +0 shortbow
 b - a +2 scimitar of flaming (weapon)
 m - a +2 morningstar of protection
 u - a +1 executioner's axe of draining
Missiles
 h - a curare-tipped dart (quivered)
 s - 6 silver javelins
 t - 5 boomerangs of dispersal
 v - 5 javelins
Armour
 p - a +0 cloak (worn)
 q - a +0 helmet (worn)
 C - a +0 plate armour of positive energy (worn)
 D - the +3 pair of seven-league boots (worn) {Rampage+∞}
   (You acquired it in the Dungeon)

   Its wearer moves as far as possible in that direction when moving towards
   enemies.
Jewellery
 l - a +3 ring of dexterity (left hand)
 n - a +3 ring of strength (right hand)
 r - a +6 ring of intelligence
 B - a ring of protection from cold
 E - a ring of willpower
Scrolls
 i - a scroll of blinking
 k - 5 scrolls of amnesia
 w - 3 scrolls of identify
 x - 4 scrolls of enchant armour
 y - a scroll of fear
 z - 5 scrolls of enchant weapon
 A - a scroll of magic mapping
Potions
 c - a potion of ambrosia
 d - 12 potions of curing
 e - 20 potions of heal wounds
 f - 2 potions of haste
 g - 4 potions of magic
 j - 3 potions of invisibility
 o - a potion of berserk rage
 F - 2 potions of mutation


   Skills:
 + Level 12.7 Fighting
 + Level 11.0 Short Blades
 + Level 12.7 Long Blades
 + Level 11.0 Axes
 + Level 11.0 Maces & Flails
 + Level 11.0 Polearms
 + Level 11.0 Staves
 + Level 11.0 Ranged Weapons
 + Level 11.0 Throwing
 + Level 11.0 Armour
 + Level 12.7 Dodging
 + Level 11.7 Stealth
 + Level 11.0 Shields
 + Level 11.0 Unarmed Combat
 + Level 11.0 Spellcasting
 + Level 9.2 Conjurations
 + Level 9.2 Hexes
 + Level 9.2 Summonings
 + Level 9.2 Necromancy
 + Level 9.2 Translocations
 + Level 9.2 Transmutations
 + Level 9.2 Fire Magic
 + Level 9.2 Ice Magic
 + Level 9.2 Air Magic
 + Level 9.2 Earth Magic
 + Level 9.2 Poison Magic
 + Level 11.9 Invocations
 + Level 11.0 Evocations


You had 32 spell levels left.
You didn't know any spells.
Your spell library was empty.

Dungeon Overview and Level Annotations

Branches:
Dungeon (1/1)

Altars:
Ashenzari
Cheibriados
Dithmenos
Elyvilon
Fedhas
Gozag
Hepliaklqana
Kikubaaqudgha
Makhleb
Nemelex Xobeh
Okawaru
Qazlal
Ru
Sif Muna
Trog
Uskayaw
Vehumet
Wu Jian
Xom
Yredelemnul
Zin
The Shining One
Jiyva
Lugonu


Innate Abilities, Weirdness & Mutations

You have very sharp teeth.
Your uncanny sense of smell can sniff out nearby items.
Your experience applies equally to all skills.


Message History

The two-headed ogre is almost dead.
The deep elf archer gestures at you while chanting.
You resist with significant effort.
You slash the two-headed ogre! You burn the two-headed ogre.
You kill the two-headed ogre!
Okawaru is honoured by your kill.
Your Short Blades skill increases to level 11!
Your Axes skill increases to level 11!
Your Maces & Flails skill increases to level 11!
Your Polearms skill increases to level 11!
Your Staves skill increases to level 11!
Your Ranged Weapons skill increases to level 11!
Your Throwing skill increases to level 11!
Your Armour skill increases to level 11!
Your Shields skill increases to level 11!
Your Unarmed Combat skill increases to level 11!
Your Spellcasting skill increases to level 11!
Your Evocations skill increases to level 11!
Throw: 3 darts (curare)
Press: ? - help, Q - select action, (/) - cycle Shift-Dir - straight line, f - deep elf archer
Aim: a deep elf archer, wielding a +0 shortbow and wearing a +0 leather armour (heavily wounded, repelling missiles, very poisoned, slow, 24% to hit)
You throw a curare-tipped dart.
The curare-tipped dart hits the deep elf archer.
The deep elf archer looks as sick as possible!
The deep elf archer convulses.
The deep elf archer seems to be slow for longer.
The deep elf archer is severely wounded.
You hear a roar!
The deep elf archer shoots an arrow.
The arrow hits you!
Throw: 2 darts (curare)
Press: ? - help, Q - select action, (/) - cycle Shift-Dir - straight line, f - deep elf zephyrmancer, p - deep elf archer
Aim: a deep elf zephyrmancer, wielding a +0 short sword (65% to hit)
You throw a curare-tipped dart.
The curare-tipped dart hits the deep elf zephyrmancer.
The deep elf zephyrmancer is poisoned.
The deep elf zephyrmancer convulses.
The deep elf zephyrmancer seems to slow down.
The deep elf zephyrmancer is lightly wounded.
The deep elf zephyrmancer casts a spell at you.
The bolt of lightning hits you!!
You die...

∆ ∆∆ ∆∆ +########## ∆ ......##..#
......##..# # ......''..# e#
......''..##########.(#
......##............e.#∆∆∆∆ ∆∆
......##...)....@.)(..#∆∆∆∆ ∆∆
'###################### '#
######## ##### ############# .#
#......###...####..'.....'..# .#
#..#'#.........##...##...##.[.
.##..##(##.....#...#..##.....##..
.##.##...##...###..#.##.......##.
.####.....##.##.##.###.........##
.)##......#...#.#...#...........#


You could see a deep elf archer (repels missiles, extremely poisoned, slow) and
a deep elf zephyrmancer (very poisoned, slow).

Vanquished Creatures
  A centaur warrior (D)
  A two-headed ogre (D)
  A death yak (D)
  Urug (D)
  Sonja (D)
  2 shadow wraiths (D)
  A fire crab (D)
  A lindwurm (D)
  A manticore (D)
  A rust devil (D)
  An orange demon (D)
  2 cane toads (D)
  A kobold demonologist (D)
  An ice devil (D)
  A polar bear (D)
  A hornet (D)
  A tarantella (D)
  A jumping spider (D)
  A shadow (D)
  A wraith (D)
  A fire bat (D)
  3 vampire mosquitoes (D)
  3 redbacks (D)
  A warg (D)
  A water moccasin (D)
  A floating eye (D)
  A sky beast (D)
  An ogre (D)
  3 centaurs (D)
  2 small abominations (D)
  A bullfrog (D)
  A scorpion (D)
  2 crimson imps (D)
  An iron imp (D)
  2 mummies (D)
  2 gnolls (D)
  A river rat (D)
  An ufetubus (D)
  An adder zombie (D)
  A worm (D)
  3 endoplasms (D)
  3 hobgoblins (D)
  3 jackals (D)
  3 quokkas (D)
  A ball python zombie (D)
  A rat (D)
66 creatures vanquished.

Vanquished Creatures (others)
  A shadow wraith (D)
1 creature vanquished.

Grand Total: 67 creatures vanquished

Notes
Turn   | Place    | Note
-------+----------+-------------------------------------------
     0 | D        | rocky1 the Gnoll Monk began the quest for the Orb.
     0 | D        | Reached XP level 1. HP: 23/23 MP: 1/1
    21 | D        | Reached skill level 1 in Short Blades
    21 | D        | Reached skill level 1 in Axes
    21 | D        | Reached skill level 1 in Maces & Flails
    21 | D        | Reached skill level 1 in Polearms
    21 | D        | Reached skill level 1 in Staves
    21 | D        | Reached skill level 1 in Ranged Weapons
    21 | D        | Reached skill level 1 in Throwing
    21 | D        | Reached skill level 1 in Armour
    21 | D        | Reached skill level 1 in Shields
    21 | D        | Reached skill level 1 in Unarmed Combat
    21 | D        | Reached skill level 1 in Spellcasting
    21 | D        | Reached skill level 1 in Conjurations
    21 | D        | Reached skill level 1 in Hexes
    21 | D        | Reached skill level 1 in Summonings
    21 | D        | Reached skill level 1 in Necromancy
    21 | D        | Reached skill level 1 in Translocations
    21 | D        | Reached skill level 1 in Transmutations
    21 | D        | Reached skill level 1 in Fire Magic
    21 | D        | Reached skill level 1 in Ice Magic
    21 | D        | Reached skill level 1 in Air Magic
    21 | D        | Reached skill level 1 in Earth Magic
    21 | D        | Reached skill level 1 in Poison Magic
    21 | D        | Reached skill level 1 in Invocations
    21 | D        | Reached skill level 1 in Evocations
    21 | D        | Reached XP level 2. HP: 3/29 MP: 1/3
   312 | D        | Found a bloodstained altar of Trog.
   312 | D        | Found a shimmering blue altar of Sif Muna.
   312 | D        | Found a viscous altar of Jiyva.
   312 | D        | Found a hazy altar of Hepliaklqana.
   312 | D        | Found an opulent altar of Gozag.
   313 | D        | Found a glowing golden altar of the Shining One.
   313 | D        | Found a glowing silver altar of Zin.
   313 | D        | Found a basalt altar of Yredelemnul.
   313 | D        | Found a shimmering altar of Xom.
   313 | D        | Found an ornate altar of the Wu Jian Council.
   313 | D        | Found a sacrificial altar of Ru.
   313 | D        | Found a stormy altar of Qazlal.
   313 | D        | Found an iron altar of Okawaru.
   313 | D        | Found a sparkling altar of Nemelex Xobeh.
   313 | D        | Found a burning altar of Makhleb.
   313 | D        | Found a blossoming altar of Fedhas.
   313 | D        | Found a white marble altar of Elyvilon.
   313 | D        | Found a shadowy altar of Dithmenos.
   313 | D        | Found a snail-covered altar of Cheibriados.
   316 | D        | Found a corrupted altar of Lugonu.
   316 | D        | Found a radiant altar of Vehumet.
   317 | D        | Found an ancient bone altar of Kikubaaqudgha.
   317 | D        | Found a hide-covered altar of Uskayaw.
   317 | D        | Found a broken altar of Ashenzari.
   321 | D        | Became a worshipper of Warmaster Okawaru
   321 | D        | Reached * piety under Okawaru
   321 | D        | Reached ** piety under Okawaru
   380 | D        | Noticed an ogre
   386 | D        | Reached XP level 3. HP: 35/35 MP: 5/5
   403 | D        | Killed an ogre
   404 | D        | Reached skill level 5 in Stealth
   404 | D        | Reached XP level 4. HP: 37/43 MP: 5/8
   404 | D        | Reached XP level 5. HP: 41/48 MP: 5/9
   582 | D        | Noticed a water moccasin
   606 | D        | Killed a water moccasin
   609 | D        | Reached *** piety under Okawaru
   610 | D        | Reached XP level 6. HP: 28/56 MP: 8/12
   612 | D        | Noticed a floating eye
   613 | D        | Reached skill level 5 in Invocations
   619 | D        | Killed a floating eye
   620 | D        | Reached skill level 5 in Short Blades
   620 | D        | Reached skill level 5 in Axes
   620 | D        | Reached skill level 5 in Maces & Flails
   620 | D        | Reached skill level 5 in Polearms
   620 | D        | Reached skill level 5 in Staves
   620 | D        | Reached skill level 5 in Ranged Weapons
   620 | D        | Reached skill level 5 in Throwing
   620 | D        | Reached skill level 5 in Armour
   620 | D        | Reached skill level 5 in Shields
   620 | D        | Reached skill level 5 in Unarmed Combat
   620 | D        | Reached skill level 5 in Spellcasting
   620 | D        | Reached skill level 5 in Evocations
   620 | D        | Reached XP level 7. HP: 26/63 MP: 9/14
   958 | D        | Noticed a cane toad
   970 | D        | Killed a cane toad
   971 | D        | Reached skill level 5 in Conjurations
   971 | D        | Reached skill level 5 in Hexes
   971 | D        | Reached skill level 5 in Summonings
   971 | D        | Reached skill level 5 in Necromancy
   971 | D        | Reached skill level 5 in Translocations
   971 | D        | Reached skill level 5 in Transmutations
   971 | D        | Reached skill level 5 in Fire Magic
   971 | D        | Reached skill level 5 in Ice Magic
   971 | D        | Reached skill level 5 in Air Magic
   971 | D        | Reached skill level 5 in Earth Magic
   971 | D        | Reached skill level 5 in Poison Magic
  1192 | D        | Noticed a fire bat
  1195 | D        | Received a gift from Okawaru
  1200 | D        | Reached XP level 8. HP: 71/71 MP: 17/17
  1322 | D        | Noticed a shadow
  1335 | D        | Reached **** piety under Okawaru
  1348 | D        | Killed a shadow
  1750 | D        | Noticed a wraith
  1765 | D        | Killed a wraith
  1983 | D        | Noticed a cane toad
  1989 | D        | Reached skill level 10 in Fighting
  1989 | D        | Reached skill level 10 in Long Blades
  1989 | D        | Reached skill level 10 in Dodging
  1989 | D        | Reached XP level 9. HP: 75/78 MP: 11/20
  2001 | D        | Killed a cane toad
  2006 | D        | Killed a shadow wraith
  2006 | D        | Reached ***** piety under Okawaru
  2174 | D        | Received a gift from Okawaru
  2524 | D        | Noticed a polar bear
  2524 | D        | Noticed Sonja
  2533 | D        | Killed a polar bear
  2534 | D        | Reached XP level 10. HP: 86/86 MP: 14/22
  2546 | D        | Killed Sonja
  2546 | D        | Received a gift from Okawaru
  2570 | D        | Reached skill level 10 in Stealth
  2681 | D        | Noticed a death yak
  2691 | D        | Reached skill level 10 in Invocations
  2699 | D        | Killed a shadow wraith
  2699 | D        | Received a gift from Okawaru
  2705 | D        | Killed a death yak
  2713 | D        | Received a gift from Okawaru
  2769 | D        | Noticed a rust devil
  2788 | D        | Killed a rust devil
  3070 | D        | Noticed a manticore
  3080 | D        | Noticed a fire crab
  3096 | D        | Killed a manticore
  3102 | D        | Killed a fire crab
  3103 | D        | Reached skill level 10 in Short Blades
  3103 | D        | Reached skill level 10 in Axes
  3103 | D        | Reached skill level 10 in Maces & Flails
  3103 | D        | Reached skill level 10 in Polearms
  3103 | D        | Reached skill level 10 in Staves
  3103 | D        | Reached skill level 10 in Ranged Weapons
  3103 | D        | Reached skill level 10 in Throwing
  3103 | D        | Reached skill level 10 in Armour
  3103 | D        | Reached skill level 10 in Shields
  3103 | D        | Reached skill level 10 in Unarmed Combat
  3103 | D        | Reached skill level 10 in Spellcasting
  3103 | D        | Reached skill level 10 in Evocations
  3103 | D        | Reached XP level 11. HP: 41/95 MP: 22/25
  3405 | D        | Noticed Urug
  3446 | D        | Killed Urug
  3646 | D        | Received a gift from Okawaru
  3765 | D        | Noticed a lindwurm
  3776 | D        | Killed a shadow wraith
  3780 | D        | Killed a lindwurm
  3782 | D        | Noticed a centaur warrior
  3799 | D        | Killed a centaur warrior
  4018 | D        | Acquired the +3 pair of seven-league boots {Rampage+∞}
  4018 | D        | Found the +3 pair of seven-league boots {Rampage+∞}
  4128 | D        | Noticed a deep elf zephyrmancer
  4130 | D        | Noticed a deep elf archer
  4130 | D        | Noticed a two-headed ogre
  4142 | D        | Killed a two-headed ogre
  4145 | D        | Killed from afar by a deep elf zephyrmancer

Illustrated notes

Levels and vault maps discovered:
D:        pitsprint [storerooms_1, entrance_room_1, metal_vault_3, armoury_2,
          mini_pit_1, grid_room_1, main_hall_1, silver_pit, the_coven_1,
          the_vestibule_1, steel_vault_5, golden_pit, hallway_of_sentries,
          crystal_vault_4, iron_vault_1, final_vault]

Skill      XL: |  1  2  3  4  5  6  7  8  9 10 11 |
---------------+----------------------------------+-----
Short Blades   | 1 3 4 5 6 7 8 10 11 | 11.0
Axes           | 1 3 4 5 6 7 8 10 11 | 11.0
Maces & Flails | 1 3 4 5 6 7 8 10 11 | 11.0
Polearms       | 1 3 4 5 6 7 8 10 11 | 11.0
Staves         | 1 3 4 5 6 7 8 10 11 | 11.0
Ranged Weapons | 1 3 4 5 6 7 8 10 11 | 11.0
Throwing       | 1 3 4 5 6 7 8 10 11 | 11.0
Armour         | 1 3 4 5 6 7 8 10 11 | 11.0
Shields        | 1 3 4 5 6 7 8 10 11 | 11.0
Unarmed Combat | 1 3 4 5 6 7 8 10 11 | 11.0
Spellcasting   | 1 3 4 5 6 7 8 10 11 | 11.0
Conjurations   | 1 2 3 4 5 6 7 8 9 |  9.2
Hexes          | 1 2 3 4 5 6 7 8 9 |  9.2
Summonings     | 1 2 3 4 5 6 7 8 9 |  9.2
Necromancy     | 1 2 3 4 5 6 7 8 9 |  9.2
Translocations | 1 2 3 4 5 6 7 8 9 |  9.2
Transmutations | 1 2 3 4 5 6 7 8 9 |  9.2
Fire Magic     | 1 2 3 4 5 6 7 8 9 |  9.2
Ice Magic      | 1 2 3 4 5 6 7 8 9 |  9.2
Air Magic      | 1 2 3 4 5 6 7 8 9 |  9.2
Earth Magic    | 1 2 3 4 5 6 7 8 9 |  9.2
Poison Magic   | 1 2 3 4 5 6 7 8 9 |  9.2
Invocations    | 1 2 3 4 5 6 8 9 10 11 | 11.9
Evocations     | 1 3 4 5 6 7 8 10 11 | 11.0
Fighting       | 7 8 9 10 11 12 | 12.7
Long Blades    | 7 8 9 10 11 12 | 12.7
Dodging        | 7 8 9 10 11 12 | 12.7
Stealth        | 5 6 7 8 9 10 11 | 11.7

Action                   |  1- 3 |  4- 6 |  7- 9 | 10-12 || total
-------------------------+-------+-------+-------+-------++-------
Melee: Falchion          |    23 |       |       |       ||    23
       Bite              |     1 |     2 |    15 |    22 ||    40
       Long sword        |       |    19 |    41 |       ||    60
       Punch             |       |     1 |     3 |    12 ||    16
       Scimitar          |       |       |    53 |   140 ||   193
 Fire: Shortbow          |       |       |     5 |       ||     5
Throw: Dart              |       |       |       |    10 ||    10
Invok: Heroism           |       |     1 |     4 |     5 ||    10
       Finesse           |       |       |     2 |     1 ||     3
  Use: Potion            |     1 |     2 |     2 |       ||     5
       Scroll            |       |       |       |     1 ||     1
 Stab: Sleeping          |     3 |       |     2 |       ||     5
Armor: Robe              |     1 |       |       |       ||     1
       Ring mail         |       |     3 |    14 |       ||    17
       Chain mail        |       |       |    16 |    54 ||    70
       Plate armour      |       |       |       |     1 ||     1
Dodge: Dodged            |     4 |     4 |    61 |    90 ||   159

Table legend: (Time is in decaauts)
 A = Elapsed time spent in this place.
 B = Non-inter-level travel time spent in this place.
 C = Inter-level travel time spent in this place.
 D = Time resting spent in this place.
 E = Time spent auto-exploring this place.
 F = Levels seen in this place.
 G = Mean time per level.
                   A        B        C        D        E       F      G
               +--------+--------+--------+--------+--------+-----+--------+
         Total |   4091 |   4023 |     68 |   2966 |      0 |   1 | 4091.0 |
       Dungeon |   4091 |   4023 |     68 |   2966 |      0 |   1 | 4091.0 |
               +--------+--------+--------+--------+--------+-----+--------+

Top non-repeatable levels by time:
       D: 4091 daAuts
